Map: Acropolis LE

Players

Modeus - Winner!

  • Race: Protoss Protoss
  • League: Master
  • Spawn Location: 11:00

Mez

  • Race: Terran Terran
  • League: Master
  • Spawn Location: 5:00

VOD

Have the link to the VOD?

Description

Time

  • Played on: Aug. 11, 2019, 9:56 a.m.
  • Length: 19:38
Show
View Real Time Build Order
Export as new Build Order

Modeus Protoss - Winner!

Build Orders: 1 Gate Expand, Colossus Rush 

Get SALT Encoding   

  12  0:00  Probe  
  13  0:13  Probe  
  14  0:17  Pylon  
  14  0:24  Probe  
  15  0:32  Probe  
  15  0:38  Gateway  
  15  0:40  Probe  
  17  0:51  Probe  
  17  0:53  Assimilator  
  18  1:03  Probe  
  19  1:15  Probe  
  20  1:26  Nexus  
  20  1:35  Cybernetics Core  
  20  1:37  Probe  
  21  1:45  Pylon  
  21  1:49  Probe  
  22  1:56  Assimilator  
  22  2:01  Stalker, Probe  
  23  2:09  Warp Gate  
  23  2:13  Probe  
  26  2:26  Probe  
  27  2:31  Stalker  
  29  2:38  Probe  
  29  2:41  Probe  
  31  2:50  Probe  
  31  2:51  Robotics Facility  
  32  2:53  Probe  
  32  3:02  Probe  
  33  3:05  Probe  
  34  3:13  Gateway  
  34  3:14  Probe  
  34  3:15  Gateway  
  34  3:17  Probe  
  36  3:22  Pylon  
  36  3:26  Probe  
  37  3:30  Probe  
  37  3:31  Observer  
  38  3:38  Probe  
  40  3:41  Warp Prism  
  40  3:42  Probe  
  41  3:50  Probe  
  41  3:54  Probe  
  45  4:05  Stalker  
  47  4:10  Stalker x2  
  47  4:14  Probe x2  
  53  4:17  Pylon  
  53  4:25  Robotics Bay, Pylon  
  53  4:30  Probe  
  54  4:34  Assimilator  
  54  4:35  Probe, Assimilator  
  55  4:43  Stalker x3  
  62  4:45  Probe  
  62  4:47  Probe  
  63  4:57  Nexus  
  61  5:05  Probe  
  61  5:06  Probe  
  63  5:07  Stalker x2  
  63  5:09  Observer  
  68  5:17  Probe  
  67  5:21  Stalker  
  67  5:23  Probe  
  69  5:42  Pylon  
  69  5:43  Pylon  
  69  5:49  Colossus  
  69  5:50  Pylon  
  69  5:54  Pylon  
  69  5:57  Gateway  
  69  6:00  Gateway  
  69  6:02  Observer, Gateway  
  75  6:06  Gateway  
  75  6:07  Forge  
  75  6:09  Probe x2  
  77  6:14  Extended Thermal Lance  
  77  6:18  Pylon  
  77  6:21  Probe  
  78  6:29  Probe  
  78  6:30  Probe  
  80  6:33  Probe  
  80  6:34  Colossus  
  81  6:41  Probe  
  81  6:43  Probe  
  81  6:44  Sentry  
  81  6:45  Zealot x2, Probe  
  96  6:51  Protoss Ground Weapons Level 1  
  96  6:53  Probe  
  97  6:55  Probe  
  97  6:58  Probe, Assimilator  
  97  7:00  Assimilator  
  99  7:01  Twilight Council  
  99  7:04  Gateway  
  99  7:06  Protoss Ground Armor Level 1  
  99  7:09  Probe x2  
  99  7:10  Probe, Forge  
  99  7:15  Pylon, Charge  
  102  7:21  Probe  
  103  7:23  Probe  
  103  7:26  Colossus  
  103  7:29  Photon Cannon  
  110  7:32  Photon Cannon  
  110  7:35  Sentry  
  110  7:36  Sentry x2, Photon Cannon  
  116  7:41  Shield Battery  
  116  7:45  Zealot x2  
  116  7:49  Stalker  
  122  7:52  Stalker  
  122  7:57  Pylon  
  124  8:00  Photon Cannon  
  124  8:01  Pylon  
  124  8:03  Shield Battery  
  125  8:10  Stalker  
  125  8:11  Stalker x2  
  125  8:12  Sentry  
  132  8:19  Pylon  
  132  8:21  Pylon  
  132  8:24  Photon Cannon  
  132  8:27  Photon Cannon  
  128  8:35  Probe x2  
  128  8:38  Stalker x2  
  134  8:44  Templar Archives  
  134  8:46  Gateway  
  134  8:49  Gateway  
  134  8:52  Blink  
  134  8:58  Protoss Ground Weapons Level 2  
  134  9:01  Colossus  
  134  9:03  Photon Cannon  
  134  9:04  Probe x3  
  134  9:08  Protoss Ground Armor Level 2  
  137  9:16  Probe  
  144  9:22  Probe  
  144  9:23  Probe  
  138  9:28  Probe  
  138  9:29  Nexus  
  139  9:31  Pylon  
  139  9:34  Probe  
  139  9:35  Probe  
  140  9:38  High Templar x3  
  140  9:39  High Templar  
  140  9:40  Zealot  
  140  9:43  Archon x2  
  150  9:45  Zealot x2  
  154  9:53  Stalker x2  
  120  10:14  Colossus  
  120  10:17  Zealot  
  120  10:18  Zealot x6  
  120  10:19  Zealot x3  
  136  10:38  High Templar x2  
  136  10:39  High Templar x2  
  136  10:41  Zealot x4  
  152  10:43  Archon x2  
  145  10:52  Zealot  
  145  10:53  Zealot  
  147  10:58  Psionic Storm, Probe x4  
  151  11:11  Colossus  
  151  11:15  Probe x4  
  161  11:27  Probe x4  
  161  11:28  Assimilator  
  161  11:30  Assimilator  
  165  11:34  Photon Cannon  
  165  11:36  Pylon  
  165  11:40  Pylon  
  165  11:45  Zealot  
  165  11:46  Zealot x7  
  181  11:50  Pylon  
  181  11:57  Protoss Ground Weapons Level 3  
  181  11:58  Protoss Ground Armor Level 3  
  177  12:02  Zealot x2  
  173  12:18  Probe x3  
  173  12:19  Resonating Glaives  
  173  12:22  High Templar x4  
  178  12:25  Warp Prism  
  172  12:31  High Templar, Zealot x2  
  172  12:32  Zealot x3  
  184  12:42  Photon Cannon  
  186  12:44  Photon Cannon  
  186  12:47  Photon Cannon  
  186  12:48  Photon Cannon  
  186  12:51  Photon Cannon  
  186  12:53  Stalker x2  
  186  12:54  Photon Cannon  
  186  12:55  High Templar x3  
  186  12:58  High Templar  
  198  12:59  High Templar, Pylon  
  158  13:32  Archon  
  158  13:33  Archon  
  112  14:01  Stalker x3, Probe x2  
  112  14:02  Stalker x2, Colossus  
  120  14:12  Photon Cannon  
  120  14:14  Photon Cannon  
  120  14:16  Photon Cannon  
  120  14:25  Gateway  
  120  14:26  High Templar x5, Nexus  
  120  14:27  High Templar x2, Pylon, Gateway  
  120  14:28  Zealot x2  
  120  14:29  Adept, Pylon  
  140  14:32  Archon  
  140  14:33  Archon x2  
  140  14:34  Pylon  
  140  14:37  Assimilator  
  140  14:42  Assimilator  
  140  14:43  Dark Shrine  
  140  14:48  Stalker x2  
  140  14:50  Stalker  
  152  15:04  Observer  
  152  15:06  Pylon  
  152  15:07  High Templar x4  
  154  15:08  Zealot x3  
  154  15:13  Archon  
  154  15:14  Archon  
  161  15:17  Zealot x3  
  164  15:21  Stalker  
  164  15:23  Observer  
  164  15:24  Stalker  
  168  15:39  Stalker x4  
  168  15:40  Stalker x3, Zealot  
  168  15:41  Zealot x2  
  188  15:45  Colossus  
  194  15:53  Shadow Stride  
  194  15:56  Dark Templar x2  
  198  16:04  Gateway  
  194  16:38  Dark Templar x3  
  166  17:15  Dark Templar x5  
  174  17:16  Dark Templar x3  
  176  17:25  Photon Cannon  
  176  17:28  Photon Cannon  
  176  17:32  Photon Cannon  
  176  17:34  Photon Cannon  
  176  17:37  Photon Cannon  
  176  17:40  Photon Cannon  
  176  17:50  Stalker x3  
  176  17:51  Stalker x6  
  184  17:52  Stalker x3  
  166  18:24  Zealot x3  
  166  18:25  Zealot x6  
  174  18:28  Archon  
  174  18:31  High Templar x3  
  174  18:32  High Templar  
  162  18:56  Dark Templar  
  162  18:57  Dark Templar x6  
  162  19:02  Stalker x2  
  180  19:03  Stalker  
  180  19:08  Robotics Facility  
  188  19:19  Zealot x3  
  190  19:27  Zealot x2  
  190  19:28  Zealot  
Show
View Real Time Build Order
Export as new Build Order

Mez Terran 

Build Orders: Reaper Expand 

Get SALT Encoding   

  12  0:00  SCV  
  13  0:12  SCV  
  14  0:19  Supply Depot  
  14  0:25  SCV  
  15  0:41  SCV  
  16  0:43  Barracks  
  16  0:48  Refinery  
  16  0:53  SCV  
  17  1:05  SCV  
  18  1:18  SCV  
  19  1:31  Reaper  
  19  1:32  Orbital Command  
  20  1:40  Command Center  
  20  1:48  Bunker  
  20  1:58  SCV  
  21  2:03  Supply Depot  
  21  2:04  Barracks Reactor  
  21  2:14  SCV  
  22  2:29  Command Center  
  22  2:30  SCV  
  23  2:44  Factory, Marine x2  
  25  2:52  SCV  
  26  3:02  Marine x2  
  26  3:04  SCV  
  29  3:06  Refinery  
  29  3:09  Orbital Command  
  29  3:17  SCV  
  29  3:19  Marine  
  30  3:20  Marine  
  32  3:28  Widow Mine  
  32  3:30  Starport  
  32  3:33  SCV  
  35  3:35  SCV  
  35  3:38  Marine x2  
  38  3:45  SCV, Orbital Command  
  39  3:50  Refinery  
  39  3:52  Widow Mine  
  41  3:56  SCV  
  41  4:00  SCV  
  41  4:01  Marine x2  
  45  4:08  SCV  
  46  4:11  Starport Tech Lab  
  46  4:12  SCV  
  46  4:13  SCV  
  48  4:19  Factory Tech Lab  
  48  4:20  SCV  
  48  4:24  SCV, Marine  
  50  4:25  Marine  
  50  4:27  SCV  
  53  4:32  SCV  
  53  4:36  Raven  
  53  4:37  Siege Tank  
  59  4:42  Marine x2  
  59  4:43  Barracks  
  59  4:44  Barracks  
  61  4:52  SCV x2, Supply Depot  
  60  5:00  Marine  
  57  5:11  Siege Tank  
  55  5:24  SCV x2  
  57  5:30  Starport Reactor  
  57  5:31  Engineering Bay, Refinery, Supply Depot  
  57  5:33  Engineering Bay  
  57  5:34  SCV  
  58  5:36  Supply Depot  
  58  5:37  Stimpack  
  58  5:39  SCV x2  
  59  5:49  SCV  
  60  5:51  SCV  
  60  5:52  Barracks, Factory Reactor  
  60  5:53  Barracks  
  61  6:03  Combat Shield, Marauder x2  
  62  6:04  Marine x2  
  62  6:16  Terran Infantry Armor Level 1, Terran Infantry Weapons Level 1  
  62  6:20  SCV x2  
  62  6:21  SCV  
  62  6:22  Marine x2  
  62  6:24  Marauder  
  69  6:33  Medivac x2  
  69  6:34  Widow Mine x2  
  69  6:36  SCV, Marauder  
  80  6:40  Marine x2  
  80  6:42  Supply Depot  
  80  6:45  Supply Depot  
  82  6:55  SCV x2  
  84  7:01  Bunker  
  84  7:02  Orbital Command  
  84  7:04  Widow Mine x2  
  84  7:07  SCV x2  
  84  7:08  Barracks Reactor, Barracks Tech Lab  
  90  7:10  Medivac x2  
  94  7:19  SCV x2  
  94  7:22  Supply Depot  
  96  7:23  Supply Depot  
  96  7:27  SCV  
  97  7:31  SCV x2  
  97  7:34  Supply Depot  
  97  7:35  Marauder  
  101  7:43  SCV x3  
  101  7:44  Marauder x2  
  108  7:52  Supply Depot  
  108  7:53  Armory  
  108  7:56  SCV x3  
  108  7:57  Marauder, Supply Depot  
  113  7:59  Missile Turret  
  113  8:03  Medivac  
  113  8:05  Marauder  
  117  8:08  SCV x3  
  117  8:10  Marine x4  
  124  8:14  Medivac  
  126  8:20  SCV x3  
  126  8:21  Supply Depot  
  126  8:23  Supply Depot  
  129  8:30  Marine x4, Marauder x2  
  129  8:31  Marauder  
  129  8:32  SCV x2  
  137  8:44  Starport  
  137  8:46  Viking x2, Terran Infantry Weapons Level 2  
  141  8:52  Refinery  
  141  8:53  Refinery  
  141  8:56  Supply Depot  
  141  8:57  Supply Depot  
  141  9:01  Terran Infantry Armor Level 2, Missile Turret  
  141  9:02  Missile Turret  
  141  9:05  Missile Turret  
  141  9:09  Marine, Marauder x3  
  144  9:26  Marine x2  
  144  9:30  Marauder x3  
  152  9:33  Marine  
  152  9:34  Viking, Supply Depot x2  
  153  9:39  Viking  
  153  9:44  Supply Depot  
  155  9:54  Marine x2, Marauder x2  
  155  9:55  Viking x2  
  147  10:17  Marine x4, Marauder x3  
  147  10:20  Concussive Shells  
  152  10:23  Viking x2  
  156  10:35  Viking, Command Center, Marine  
  152  10:53  Marine  
  152  10:54  Marine x3, Marauder x3  
  156  11:30  Marine x4, Marauder x3  
  156  11:31  Viking  
  156  11:32  Viking x3  
  174  11:33  Terran Infantry Weapons Level 3  
  174  11:41  Ghost Academy  
  173  11:48  Marine  
  162  12:01  Viking  
  158  12:12  Marine x2  
  158  12:13  Marine x2  
  158  12:15  Viking x3  
  156  12:21  Barracks  
  159  12:30  Marine  
  159  12:33  Ghost x3  
  159  12:35  Marine x3  
  163  12:45  Barracks x2  
  163  12:48  Planetary Fortress, Marine  
  163  12:50  SCV x3  
  167  13:02  Ghost, SCV x3  
  171  13:10  Widow Mine  
  170  13:14  SCV x2  
  170  13:18  Liberator  
  170  13:19  Liberator x2  
  108  13:35  Widow Mine  
  104  13:47  Marine x2  
  104  13:48  Marine x2, Marauder x3  
  108  13:49  Viking  
  97  13:58  Marine x2  
  97  13:59  Marine  
  98  14:04  Refinery  
  98  14:05  Refinery, Marine x3  
  98  14:09  Marauder x2  
  105  14:12  Starport x2, Factory Reactor  
  103  14:18  Viking x3  
  109  14:26  Command Center x2  
  109  14:46  Viking  
  109  14:47  Ghost x3  
  109  14:48  Viking, Barracks Tech Lab x3  
  109  14:49  Marine x4  
  123  14:54  Terran Infantry Armor Level 3, Fusion Core  
  123  14:57  Terran Ship Weapons Level 1  
  120  15:07  Marine  
  117  15:09  Starport Tech Lab x2  
  117  15:13  Viking x2  
  122  15:14  Marine x2, Marauder  
  122  15:15  Ghost, Marauder x2  
  122  15:16  Ghost x2, Marine  
  137  15:22  Liberator  
  137  15:26  Liberator  
  134  15:37  Viking x2  
  134  15:38  Viking  
  134  15:42  Orbital Command  
  146  15:51  Ghost x2  
  146  15:52  Marine, Marauder x3  
  146  15:56  Sensor Tower  
  157  16:17  Viking x2  
  161  16:26  Medivac x3  
  162  16:38  Advanced Ballistics  
  161  16:45  Missile Turret  
  161  16:46  Planetary Fortress  
  161  16:51  Refinery  
  140  17:10  Marauder, Liberator x4  
  130  17:25  Ghost x2  
  130  17:26  Marine, Marauder x2, Orbital Command  
  151  17:33  Marine x3, Marauder x2  
  154  17:44  Marine  
  147  17:55  SCV  
  147  17:57  Liberator x3  
  109  18:14  Viking  
  109  18:17  Marauder  
  111  18:25  Marine x2, Marauder x3  
  111  18:26  Marine, Marauder x2  
  124  18:31  SCV  
  124  18:32  SCV  
  124  18:34  Orbital Command  
  126  18:46  Missile Turret  
  126  19:13  Marine x6  
Tags
 
Add a new tag
Caveats
  • Supply blocks, unpowered buildings, or Contaminate may cause inaccurate times.
  • Supply counts are checked every 10 seconds.